 Dungeon Crawl Stone Soup version 0.18.1-48-g4cf74bf (webtiles) character file.

214 MarcHammon the Shield-Bearer (level 5, 0/47 HPs)
             Began as a Minotaur Fighter on Aug 29, 2016.
             Was a Believer of Vehumet.
             Slain by a worker ant (2 damage)
             ... on level 7 of the Dungeon.
             The game lasted 00:15:58 (2132 turns).

MarcHammon the Shield-Bearer (Minotaur Fighter)     Turns: 2132, Time: 00:15:59

Health: 0/47       AC:  6    Str: 21    XL:     5   Next: 59%
Magic:  4/4        EV: 12    Int:  5    God:    Vehumet [**....]
Gold:   118        SH: 10    Dex: 10    Spells: 0 memorised, 4 levels left

rFire  . . .     SeeInvis .     j - -3 hand axe (curse)
rCold  . . .     Gourm    .     l - +0 ring mail
rNeg   . . .     Faith    .     c - +0 shield
rPois  .         Spirit   .     (helmet restricted)
rElec  .         Dismiss  .     (no cloak)
rCorr  .         Reflect  .     (no gloves)
SustAt .         Harm     .     (no boots)
MR     .....                    (no amulet)
Stlth  +.........               o - +3 ring of evasion
                                f - ring of stealth

@: lethally poisoned (0 -> -11), not resistant to hostile enchantments, very
unstealthy
A: retaliatory headbutt, horns 2
a: Renounce Religion


You were on level 7 of the Dungeon.
You worshipped Vehumet.
Vehumet was pleased with you.
You were not hungry.

You visited 1 branch of the dungeon, and saw 5 of its levels.

You collected 118 gold pieces.

Inventory:

Hand Weapons
 a - a +0 long sword
 e - a +0 club
 i - a +2 short sword of draining
 j - a cursed -3 hand axe (weapon)
 k - a +3 dagger
 m - a +0 falchion
Missiles
 h - 20 poisoned needles
Armour
 b - a +0 scale mail
 c - a +0 shield (worn)
 l - a +0 ring mail (worn)
Jewellery
 f - a ring of stealth (left hand)
 o - a +3 ring of evasion (right hand)
Potions
 g - 2 potions of curing {unknown}
 n - a potion of degeneration {unknown}
Comestibles
 d - a bread ration


   Skills:
 + Level 4.4 Fighting
 + Level 0.2(1.5) Short Blades
 + Level 2.8 Long Blades
 + Level 1.3 Axes
 + Level 4.7 Armour
 + Level 2.8 Dodging
 + Level 5.0 Shields


You had 4 spell levels left.
You didn't know any spells.

Dungeon Overview and Level Annotations

Branches:
Dungeon (4/15)
 Temple: D:4-7

Altars:
Ashenzari
Elyvilon
Vehumet
Zin
The Shining One


Innate Abilities, Weirdness & Mutations

You reflexively headbutt those who attack you in melee.
You have a pair of horns on your head.


Message History

* * * LOW HITPOINT WARNING * * *
You feel sick. The orc wizard barely misses you. You furiously retaliate!
You headbutt the orc wizard!
You kill the orc wizard!
Vehumet accepts your kill.
The worker ant bites you but does no damage.
The worker ant bites you.
* * * LOW HITPOINT WARNING * * *
You block the worker ant's attack.
You hit the orc but do no damage. You hit the worker ant.
You kill the worker ant!
Vehumet accepts your kill.
Your Shields skill increases to level 5!
You hit the worker ant.
The worker ant is heavily wounded.
* * * LOW HITPOINT WARNING * * *
You feel sick. The worker ant barely misses you. You furiously retaliate!
You headbutt the worker ant. The orc barely misses you.
The worker ant bites you.
You die...

######## #######
##......###.....#
##........##.....#
#..=.?.....#.....#
#..........#......
#.................
#o).........##.##.
#@o...............
##a.....?.........
#.O.............##
#...........#.....
#..........#..#...
#............###..
#............. .#
##[.......###.. <.
.# ..


You could see an ogre, a worker ant and 2 orcs.

Vanquished Creatures
  2 orc wizards
  A worker ant (D:7)
  7 adders
  2 worms
  A dart slug (D:2)
  A giant gecko (D:3)
  3 orcs
  3 giant cockroaches
  7 hobgoblins
  8 jackals (D:3)
  8 kobolds
  5 bats
  A giant gecko zombie (D:7)
  5 giant newts
  5 goblins
  A quokka skeleton (D:7)
  6 rats
66 creatures vanquished.

Notes
Turn   | Place    | Note
--------------------------------------------------------------
     0 | D:1      | MarcHammon the Minotaur Fighter began the quest for the Orb.
     0 | D:1      | Reached XP level 1. HP: 19/19 MP: 0/0
   239 | D:1      | Reached XP level 2. HP: 27/27 MP: 1/1
   258 | D:1      | You fall through a shaft!
   551 | D:2      | Found a shattered altar of Ashenzari.
   588 | D:2      | Became a worshipper of Ashenzari the Shackled
   612 | D:2      | Reached skill level 4 in Shields
   707 | D:2      | Reached XP level 3. HP: 29/33 MP: 2/2
   797 | D:2      | Reached skill level 1 in Dodging
   803 | D:2      | Found a faded altar to an unknown god.
   811 | D:2      | Fell from the grace of Ashenzari
   811 | D:2      | Became a worshipper of Vehumet
   811 | D:2      | Reached * piety under Vehumet
   811 | D:2      | Offered knowledge of Shock by Vehumet.
  1324 | D:3      | Reached XP level 4. HP: 7/40 MP: 3/3
  1330 | D:3      | Reached ** piety under Vehumet
  1336 | D:3      | Offered knowledge of Flame Tongue by Vehumet.
  1481 | D:3      | Reached skill level 1 in Axes
  1534 | D:3      | Was forgiven by Ashenzari
  1545 | D:3      | Reached XP level 5. HP: 24/46 MP: 4/4
  2029 | D:4      | Found a glowing golden altar of the Shining One.
  2030 | D:4      | Found a white marble altar of Elyvilon.
  2034 | D:4      | Found a glowing silver altar of Zin.
  2096 | D:4      | You fall through a shaft for 3 floors!
  2107 | D:7      | Noticed an ogre
  2132 | D:7      | Reached skill level 5 in Shields
  2132 | D:7      | HP: 2/47 [poisoned by a worker ant]
  2132 | D:7      | Slain by a worker ant

Skill      XL: |  1  2  3  4  5 |
---------------+----------------+-----
Shields        | 4 5 |  5.0
Fighting       | 4 |  4.4
Dodging        | 1 2 |  2.8
Armour         | 4 |  4.7
Axes           | 1 |  1.3
Short Blades   | |  0.2
Long Blades    | |  2.8

Action                   |  1- 3 |  4- 6 || total
-------------------------+-------+-------++-------
Melee: Long sword        |    27 |       ||    27
       Headbutt          |    14 |    15 ||    29
       Short sword       |    10 |       ||    10
       Hand axe          |    72 |    84 ||   156
  Use: Potion            |     1 |     1 ||     2
       Scroll            |     1 |     1 ||     2
  Eat: Bread ration      |       |     1 ||     1
Armor: Scale mail        |    50 |       ||    50
       Ring mail         |    10 |    43 ||    53
Dodge: Dodged            |    41 |    45 ||    86
Block: Shield            |    69 |    55 ||   124
